 Dungeon Crawl Stone Soup version 0.29-a0-207-gf982a884d8 (webtiles) character file.

Game seed: 10705038060092594694

414 siradein the Skirmisher (level 6, -3/55 HPs)
             Began as a Ghoul Gladiator on Feb 23, 2022.
             Slain by a harpy zombie (8 damage)
             ... led by a necromancer
             ... on level 1 of the Abyss.
             The game lasted 00:11:31 (4015 turns).

siradein the Skirmisher (Ghoul Gladiator)           Turns: 4015, Time: 00:11:31

Health: -3/55      AC:  6    Str: 18    XL:     6   Next: 91%
Magic:  5/5        EV: 12    Int:  3    God:
Gold:   181        SH:  0    Dex: 12    Spells: 5/5 levels left

rFire   . . .      SeeInvis .   a - +0 long sword
rCold   + + .      Faith    .   (no shield)
rNeg    + + +      Spirit   .   f - +0 ring mail
rPois   ∞          Reflect  .   c - +0 helmet
rElec   .          Harm     .   (no cloak)
rCorr   .          Rampage  .   (no gloves)
Will    .....                   (no boots)
Stlth   +.........              u - amulet of regeneration
HPRegen 0.00/turn               i - ring of protection from cold
MPRegen 0.09/turn               (no ring)

@: inhibited regen
A: claws 1, cold resistance 1, negative energy resistance 3, inhibited
regeneration, torment resistance 2
a: no special abilities


You were on level 1 of the Abyss.
You visited 1 branch of the dungeon, and saw 4 of its levels.
You visited the Abyss 1 time.
You also visited: Ossuary.

You collected 181 gold pieces.

Inventory:

Hand Weapons
 a - a +0 long sword (weapon)
 q - a +0 hunting sling
Missiles
 d - 3 throwing nets (quivered)
 g - 9 poisoned darts
 h - 115 stones
 x - 4 boomerangs
Armour
 c - a +0 helmet (worn)
 f - a +0 ring mail (worn)
Jewellery
 i - a ring of protection from cold (left claw)
 u - an amulet of regeneration (around neck)
Scrolls
 e - a scroll of amnesia {unknown}
 j - a scroll of teleportation {unknown}
 k - a scroll of immolation {unknown}
 l - a scroll of magic mapping {unknown}
 r - a scroll of silence {unknown}
 w - a scroll of blinking {unknown}
 y - 2 scrolls of acquirement {unknown}
Potions
 b - a potion of curing {unknown}
 m - a potion of ambrosia {unknown}
 n - a potion of brilliance
 o - 5 potions of flight
 p - 3 potions of magic
 s - a potion of might {unknown}
 v - 4 potions of attraction
 z - 2 potions of lignification {unknown}
 A - a potion of heal wounds {unknown}


   Skills:
 + Level 4.8 Fighting
 + Level 4.5 Long Blades
 - Level 1.7 Throwing
 + Level 4.4 Dodging


You had 5 spell levels left.
You didn't know any spells.
Your spell library contained the following spells:

 Spells                   Type           Power      Damage    Failure   Level
 Ignite Poison            Fire/Tmut/Pois 0%         N/A       97%         3
 Mephitic Cloud           Conj/Pois/Air  0%         N/A       97%         3
 Freezing Cloud           Conj/Ice/Air   0%         6-21      100%        5


Dungeon Overview and Level Annotations

Branches:
Dungeon (4/15)            Ossuary (visited)
 Temple: D:4-7

Altars:

Annotations:
D:4 2 transporters, Robin


Innate Abilities, Weirdness & Mutations

You thrive by killing the living.
You are immune to poison.
You have sharp fingernails.
Your flesh is cold resistant. (rC+)
You are immune to negative energy. (rN+++)
You do not regenerate when monsters are visible.
You are immune to unholy pain and torment.


Message History

The goblin shouts!
You hear a shout!
A goblin comes into view. It is wielding a +0 dagger.
Robin says, "We wiped out the hill dwarves - you're next!"
The goblin shouts!
Robin hits you from afar with a +4 spear of distortion.
Space warps horribly around you!!
The goblin shouts!
Robin roars a battlecry!
The goblins go into a battle-frenzy!
The goblin shouts!
Robin hits you from afar with a +4 spear of distortion.
You are cast into the Abyss!
This branch contains the abyssal rune of Zot.
Found a shimmering blue altar of Sif Muna.
You start resting.
HP restored.
A harpy zombie comes into view.
The harpy zombie claws you. x2
You slash the harpy zombie!
The harpy zombie is lightly damaged.
The harpy zombie claws you. The harpy zombie misses you.
The harpy zombie claws you! The harpy zombie misses you.
The harpy zombie claws you.
The harpy zombie claws you but does no damage.
You hit the harpy zombie.
The harpy zombie is lightly damaged.
The harpy zombie closely misses you. x2; The harpy zombie claws you. x2
You barely miss the harpy zombie.
The harpy zombie is lightly damaged.
The harpy zombie claws you but does no damage.
The harpy zombie claws you! The harpy zombie claws you.
The harpy zombie misses you.
The harpy zombie claws you but does no damage.
The harpy zombie barely misses you.
Unknown command.
Unknown command.
The harpy zombie claws you!
* * * LOW HITPOINT WARNING * * *
The harpy zombie claws you!
You die...

#.....#......
. .
#......#...#
#.#......###.#
#......# ##
##.....##.#
#.#.#....#
###.....## #
#.#.##.#...#
#@## ####..
#Z# # #..#
#.#.. ..#..#
#.# ## ... .##
.


You could see a harpy zombie.

Vanquished Creatures
  An elf zombie (Ossuary)
  2 human zombies (Ossuary)
  2 centaur zombies (Ossuary)
  A hound (D:4)
  Jessica (D:3)
  2 mummies (Ossuary)
  4 adders
  An ufetubus (D:3)
  A dart slug (D:1)
  2 orcs
  8 ball pythons
  9 endoplasms
  4 giant cockroaches
  7 goblins
  8 hobgoblins
  5 jackals
  A bat (D:1)
  2 frilled lizards (D:1)
  A goblin zombie (Ossuary)
  9 hobgoblin zombies (Ossuary)
  A jackal zombie (Ossuary)
  9 kobolds
  10 kobold zombies (Ossuary)
  8 orc zombies (Ossuary)
  8 rats
  3 rat zombies (Ossuary)
110 creatures vanquished.

Notes
Turn   | Place    | Note
-------+----------+-------------------------------------------
     0 | D:1      | siradein the Ghoul Gladiator began the quest for the Orb.
     0 | D:1      | Reached XP level 1. HP: 17/17 MP: 0/0
   119 | D:1      | Reached XP level 2. HP: 21/25 MP: 1/1
   359 | D:1      | Found a faded altar of an unknown god.
   377 | D:1      | Reached XP level 3. HP: 21/30 MP: 2/2
  1932 | D:3      | Reached XP level 4. HP: 35/38 MP: 3/3
  2626 | D:3      | Noticed Jessica
  2644 | D:3      | Killed Jessica
  2645 | D:3      | Reached XP level 5. HP: 32/46 MP: 4/4
  2962 | D:4      | Found a transporter.
  2966 | D:4      | Found a transporter.
  2967 | D:4      | Noticed a small abomination
  2991 | D:4      | Noticed Robin
  3260 | D:4      | Found a sand-covered staircase.
  3267 | Ossuary  | Entered an ossuary
  3468 | Ossuary  | Reached XP level 6. HP: 29/53 MP: 5/5
  3972 | D:4      | Cast into level 1 of the Abyss (Robin)
  3973 | Abyss:1  | Found a shimmering blue altar of Sif Muna.
  4015 | Abyss:1  | Slain by a harpy zombie

Illustrated notes

Levels and vault maps discovered:
D:1:      minmay_arrival_open_corners, layout_basic, basic_ecumenical_altar,
          minivault_4, minivault_14
D:2:      layout_loops_ring, supply_closet_lemuel
D:3:      minmay_skewed_foursquare, layout_basic, uniq_jessica
D:4:      layout_loops_cross, gammafunk_ghost_abyssal_escape,
          lightli_ossuary_entry_decrepit_ruins, uniq_robin
Abyss:1:  base: D:3, base: D:4, bh_silent_lugonu_exit

Skill      XL: |  1  2  3  4  5 |
---------------+----------------+-----
Long Blades    | 3 4 |  4.5
Dodging        | 3 4 |  4.4
Fighting       | 3 4 |  4.8
Throwing       | |  1.7

Action                   |  1- 3 |  4- 6 || total
-------------------------+-------+-------++-------
Melee: Long sword        |   123 |   290 ||   413
       Punch             |     1 |     3 ||     4
  Use: Scroll            |       |     4 ||     4
Armor: Leather armour    |    15 |       ||    15
       Ring mail         |    32 |   183 ||   215
Dodge: Dodged            |    73 |   234 ||   307

Table legend: (Time is in decaauts)
 A = Elapsed time spent in this place.
 B = Non-inter-level travel time spent in this place.
 C = Inter-level travel time spent in this place.
 D = Time resting spent in this place.
 E = Time spent auto-exploring this place.
 F = Levels seen in this place.
 G = Mean time per level.
                   A        B        C        D        E       F      G
               +--------+--------+--------+--------+--------+-----+--------+
         Total |   4125 |   3938 |    187 |     64 |   2588 |   6 |  687.5 |
       Dungeon |   3407 |   3220 |    187 |      0 |   2395 |   4 |  851.8 |
         Abyss |     43 |     43 |      0 |     25 |      0 |   1 |   43.0 |
       Ossuary |    674 |    674 |      0 |     39 |    193 |   1 |  674.0 |
               +--------+--------+--------+--------+--------+-----+--------+

Top non-repeatable levels by time:
     D:1: 1133 daAuts
     D:3: 1119 daAuts
     D:2: 820 daAuts
 Ossuary: 674 daAuts
     D:4: 333 daAuts
 Abyss:1: 43 daAuts
